 Dungeon Crawl Stone Soup version 0.22.1-2-g9c5b331 (webtiles) character file.

10193 Yoni the Grappler (level 11, -40/79 HPs)
             Began as a Human Berserker on Dec 19, 2018.
             Was an Elder of Trog.
             Annihilated by an enormous slime creature (73 damage)
             ... on level 12 of the Dungeon.
             The game lasted 01:12:24 (8733 turns).

Yoni the Grappler (Human Berserker)                 Turns: 8733, Time: 01:12:25

Health: -40/79     AC: 16    Str: 27    XL:     11   Next: 88%
Magic:  0/11       EV:  9    Int:  8    God:    Trog [****..]
Gold:   192        SH:  0    Dex: 12    Spells: 10/10 levels left

rFire    . . .     SeeInvis .     - Unarmed
rCold    + . .     Gourm    .   (no shield)
rNeg     . . .     Faith    .   g - +2 plate armour
rPois    .         Spirit   +   (no helmet)
rElec    .         Reflect  .   m - scarf {Spirit}
rCorr    .         Harm     .   (no gloves)
MR       .....                  (no boots)
Stlth    ..........             (no amulet)
HPRegen  0.23/turn              k - +6 ring of strength
MPRegen  0.12/turn              t - ring of protection from cold

@: no status effects
A: no striking features
a: Berserk, Trog's Hand, Brothers in Arms, Renounce Religion


You were on level 12 of the Dungeon.
You worshipped Trog.
Trog was greatly pleased with you.
You were not hungry.

You visited 1 branch of the dungeon, and saw 12 of its levels.

You collected 332 gold pieces.
You spent 140 gold pieces at shops.

Inventory:

Hand Weapons
 j - a +1 hand crossbow
 x - a +0 blowgun
Missiles
 u - 7 needles of paralysis
 v - 21 bolts
 y - 11 poisoned needles
Armour
 a - a +1 animal skin
 g - a +2 plate armour (worn)
 h - a +3 leather armour
 m - a scarf of spirit shield (worn)
Jewellery
 k - a +6 ring of strength (left hand)
 t - a ring of protection from cold (right hand)
Wands
 p - a wand of paralysis (26)
 r - a wand of flame (30)
 w - a wand of iceblast (8)
Scrolls
 c - 3 scrolls of remove curse
 d - a scroll of identify
 o - a scroll of torment {unknown}
 q - 2 scrolls of teleportation
Potions
 b - 5 potions of flight
 e - a potion of lignification {unknown}
 f - a potion of haste
 i - a potion of invisibility
 n - 2 potions of curing
 s - 2 potions of ambrosia
Comestibles
 l - 7 rations


   Skills:
 + Level 5.1 Fighting
 + Level 9.0 Armour
 + Level 3.5 Dodging
 + Level 1.2 Stealth
 * Level 14.3 Unarmed Combat
 + Level 0.9 Evocations


You had 10 spell levels left.
You didn't know any spells.
Your spell library was empty.

Dungeon Overview and Level Annotations

Branches:
Dungeon (12/15)
 Temple: D:4-7         Lair: D:8-11         Orc: D:9-12

Altars:
Fedhas
Kikubaaqudgha
Makhleb
Nemelex Xobeh
Sif Muna
Trog
Uskayaw
Xom
The Shining One

Shops:
D:7 %

Annotations:
D:6 1 runed door
D:10 exclusion: 2 oklob plants


Message History

You hear a shout! x4
You punch the very large slime creature!
The very large slime creature is heavily wounded.
You hear a shout! x2
The very large slime creature hits you!!!
Two slime creatures merge to form an enormous slime creature.
You punch the enormous slime creature!
The enormous slime creature is heavily wounded.
You punch the enormous slime creature!
The enormous slime creature is heavily wounded.
A slime creature comes into view.
You hit the enormous slime creature.
The enormous slime creature is heavily wounded.
The enormous slime creature hits you!
An orc comes into view. It is wielding a hand axe.
You punch the enormous slime creature!
The enormous slime creature is heavily wounded.
The enormous slime creature hits you!!!!
Ouch! That really hurt!
You die...

######o###
#>@J....J.
#.####....
#.# # #.#
#.# #.#
#### #.#
#.. #.#
#.# #.#
##.##


You could see an enormous slime creature, a slime creature and an orc.

Vanquished Creatures
  A two-headed ogre (D:12)
  Nergalle (D:11)
  The ghost of Haldmier the Chiller, a novice MfIE of Vehumet (D:6)
  An ugly thing (D:11)
  A manticore (D:11)
  2 centaur skeletons
  3 kobold demonologists (D:12)
  2 polar bears (D:10)
  2 trolls
  A hippogriff (D:9)
  A centaur simulacrum (D:10)
  Eustachio (D:5)
  6 yaks (D:11)
  4 orc warriors
  2 phantoms
  2 ice beasts
  2 sky beasts
  A black bear (D:6)
  A wolf (D:10)
  5 ogres
  11 centaurs
  4 big kobolds (D:12)
  3 bullfrogs (D:6)
  A wyvern skeleton (D:10)
  2 water moccasin skeletons
  4 wights (D:10)
  3 howler monkeys
  3 crimson imps
  3 bullfrog zombies
  A wyvern simulacrum (D:10)
  6 orc priests
  A bullfrog skeleton (D:5)
  A hound (D:8)
  An iguana (D:6)
  8 orc wizards
  4 worker ants
  2 bullfrog simulacra (D:10)
  A hound skeleton (D:4)
  A worker ant zombie (D:5)
  A howler monkey skeleton (D:9)
  7 adders
  2 river rats (D:5)
  A shadow imp (D:5)
  2 white imps (D:10)
  2 ufetubi (D:10)
  An ooze (D:6)
  An adder skeleton (D:6)
  5 worms
  A dart slug (D:1)
  8 leopard geckos
  35 orcs
  A ball python (D:2)
  8 bats
  3 giant cockroaches
  A goblin (D:2)
  6 hobgoblins
  4 jackals (D:5)
  A quokka (D:2)
  7 frilled lizards
  14 kobolds
  11 rats
  2 plants (D:9)
224 creatures vanquished.

Vanquished Creatures (collateral kills)
  A big kobold (D:9)
  A centaur zombie (D:9)
  An iguana (D:9)
  2 orcs (D:9)
5 creatures vanquished.

Grand Total: 229 creatures vanquished

Notes
Turn   | Place    | Note
-------+----------+-------------------------------------------
     0 | D:1      | Yoni the Human Berserker began the quest for the Orb.
     0 | D:1      | Reached XP level 1. HP: 18/18 MP: 1/1
    86 | D:1      | Reached XP level 2. HP: 16/24 MP: 2/2
   690 | D:2      | Reached XP level 3. HP: 29/29 MP: 3/3
   885 | D:2      | Reached ** piety under Trog
  1098 | D:2      | Reached skill level 4 in Unarmed Combat
  1098 | D:2      | Reached XP level 4. HP: 27/35 MP: 4/4
  1594 | D:3      | Found a blossoming altar of Fedhas.
  1594 | D:3      | Found a burning altar of Makhleb.
  1594 | D:3      | Found a deep blue altar of Sif Muna.
  1594 | D:3      | Found a sparkling altar of Nemelex Xobeh.
  1829 | D:4      | Reached XP level 5. HP: 37/41 MP: 5/5
  1883 | D:5      | Entered Level 5 of the Dungeon
  2356 | D:5      | Reached skill level 5 in Unarmed Combat
  2362 | D:5      | Reached XP level 6. HP: 42/47 MP: 6/6
  2479 | D:5      | Reached *** piety under Trog
  2490 | D:5      | Noticed Eustachio
  2831 | D:5      | Killed Eustachio
  2864 | D:5      | Noticed an ogre
  2869 | D:5      | Reached XP level 7. HP: 50/53 MP: 7/7
  2876 | D:5      | Reached skill level 6 in Unarmed Combat
  3234 | D:5      | Reached skill level 7 in Unarmed Combat
  3234 | D:5      | Reached XP level 8. HP: 12/60 MP: 8/8
  3802 | D:6      | Found a glowing golden altar of the Shining One.
  3802 | D:6      | Noticed an angel
  3803 | D:6      | Found a runed door.
  3862 | D:6      | Reached skill level 5 in Armour
  3862 | D:6      | Reached skill level 8 in Unarmed Combat
  4132 | D:6      | Found a runed door.
  4139 | D:6      | Noticed Haldmier's ghost (novice MfIE)
  4173 | D:6      | HP: 4/90 [Haldmier's ghost/Freeze (3)]
  4179 | D:6      | Killed Haldmier's ghost
  4179 | D:6      | Reached skill level 1 in Stealth
  4179 | D:6      | Reached skill level 9 in Unarmed Combat
  4179 | D:6      | Reached XP level 9. HP: 5/66 MP: 9/9
  4525 | D:6      | Found a hide-covered altar of Uskayaw.
  5049 | D:7      | Found Cuvev's Food Shoppe.
  5052 | D:7      | Bought a ration for 70 gold pieces
  5052 | D:7      | Bought a ration for 70 gold pieces
  5072 | D:7      | Reached skill level 10 in Unarmed Combat
  5104 | D:7      | Found the cursed +14 obsidian axe {chop, +Fly SInv *Curse}
  5135 | D:7      | Found a shimmering altar of Xom.
  5505 | D:8      | Reached **** piety under Trog
  5794 | D:9      | Reached XP level 10. HP: 72/73 MP: 10/10
  5950 | D:10     | Entered Level 10 of the Dungeon
  5962 | D:10     | Received a gift from Trog
  6072 | D:9      | Found a bloodstained altar of Trog.
  6118 | D:9      | Reached skill level 11 in Unarmed Combat
  6586 | D:10     | Noticed an oklob plant
  6875 | D:10     | Reached skill level 12 in Unarmed Combat
  7217 | D:10     | Noticed an oklob plant
  7319 | D:11     | Noticed Nergalle
  7342 | D:11     | Killed Nergalle
  7342 | D:11     | Reached XP level 11. HP: 76/78 MP: 11/11
  7706 | D:11     | Noticed a manticore
  7711 | D:11     | Killed a manticore
  7744 | D:11     | Reached skill level 13 in Unarmed Combat
  7784 | D:11     | Noticed a purple ugly thing
  7792 | D:11     | Reached skill level 5 in Fighting
  7830 | D:11     | Killed a purple ugly thing
  8133 | D:12     | Noticed a two-headed ogre
  8139 | D:12     | Killed a two-headed ogre
  8354 | D:12     | Found an ancient bone altar of Kikubaaqudgha.
  8385 | D:12     | Reached skill level 14 in Unarmed Combat
  8403 | D:12     | Noticed a sun demon
  8425 | D:12     | Noticed a sun demon
  8733 | D:12     | Annihilated by an enormous slime creature

Skill      XL: |  1  2  3  4  5  6  7  8  9 10 11 |
---------------+----------------------------------+-----
Unarmed Combat | 4 5 7 9 10 12 14 | 14.3
Armour         | 3 4 5 7 8 9 |  9.0
Fighting       | 4 5 |  5.1
Stealth        | 1 |  1.2
Dodging        | 3 |  3.5
Evocations     | |  0.9

Action                   |  1- 3 |  4- 6 |  7- 9 | 10-12 || total
-------------------------+-------+-------+-------+-------++-------
Melee: Unarmed           |   118 |   206 |   310 |   407 ||  1041
       Punch             |     3 |     7 |     9 |    32 ||    51
Invok: Berserk           |     2 |     6 |     5 |     8 ||    21
       Trog's Hand       |       |     1 |     2 |     3 ||     6
       Brothers in Arms  |       |       |       |     1 ||     1
Evoke: Wand              |       |       |       |     5 ||     5
  Use: Scroll            |     5 |     3 |     3 |     5 ||    16
       Potion            |     1 |       |     1 |       ||     2
 Stab: Sleeping          |     1 |       |       |       ||     1
  Eat: Ration            |     1 |     2 |     2 |     1 ||     6
       Chunk             |       |     2 |    10 |    16 ||    28
Armor: Animal skin       |    21 |       |       |       ||    21
       Plate armour      |    15 |   137 |   161 |   194 ||   507
Dodge: Dodged            |    74 |    49 |    94 |   143 ||   360
